AoeStats
← danielrojaslaw

Arabia

510925459Analyzed
3v3 RM · 10h ago on Oct 3, 2026· 101m 22s· 6 players
Game mode
Random Map
Map size
Normal (6 player)
Population
200
Speed
Normal
Resources
Standard
Victory
Conquest
Starting age
Dark Age
Ending age
Imperial Age
RankedLock teamsTeams togetherTeam positionsShared explorationLock speedFull tech treeHidden civsTurbo modeCheats
Victory
Defeat
🇨🇱 Mongols · Chile
681
+11
🇨🇦 Khmer · Canada
668
+11
🇵🇷 Mapuche · Puerto Rico
611
+14
🇺🇸 Bulgarians · United States
705
-17
🇺🇸 Bulgarians · United States
563
-12
🇺🇸 Goths · United States
407
-7
RodDurante
7:39 Loom
14:40 Feudal Age
16:24 Wheelbarrow
15:32 Horse Collar
15:42 Double-Bit Axe
15:50 Gold Mining
15:51 Stone Mining
22:00 Bloodlines
23:14 Scale Barding Armor
23:20 Forging
26:07 Castle Age
29:15 Hand Cart
29:02 Heavy Plow
29:16 Bow Saw
29:46 Gold Shaft Mining
29:46 Stone Shaft Mining
29:20 Husbandry
29:46 Chain Barding Armor
36:21 Iron Casting
36:02 Caravan
46:11 Imperial Age
47:28 Plate Barding Armor
47:54 Blast Furnace
47:16 Ballistics
47:57 Chemistry
47:53 Crop Rotation
47:53 Tusk Swords
48:19 Heavy Scorpion
52:10 Double Crossbow
51:31 Elite Ballista Elephant
danielrojaslaw
0:29 Loom
13:07 Feudal Age
14:25 Wheelbarrow
13:54 Horse Collar
14:03 Double-Bit Axe
14:09 Gold Mining
17:06 Stone Mining
21:54 Castle Age
21:10 Fletching
21:20 Padded Archer Armor
21:22 Scale Mail Armor
23:43 Forging
24:36 Champi Runner
33:45 Heavy Plow
38:29 Bow Saw
38:55 Gold Shaft Mining
38:56 Stone Shaft Mining
38:10 Pikeman
38:11 Champi Warrior
43:20 Imperial Age
40:39 Treadmill Crane
40:32 Elite Skirmisher
43:04 Ballistics
43:51 Iron Casting
43:31 Chain Mail Armor
43:12 Bodkin Arrow
43:32 Leather Archer Armor
45:22 Chemistry
43:54 Halberdier
45:04 Crop Rotation
45:12 Elite Champi Warrior
47:26 Bombard Tower
50:40 Butalmapu
50:36 Malon
49:57 Elite Kona
52:46 Blast Furnace
52:16 Plate Mail Armor
52:17 Ring Archer Armor
51:51 Caravan
52:29 Conscription
53:24 Arson
53:04 Crossbowman
57:11 Capped Ram
64:46 Coinage
Tecophilaea
8:11 Loom
10:32 Feudal Age
14:15 Double-Bit Axe
14:59 Horse Collar
22:05 Castle Age
25:16 Fletching
37:28 Bodkin Arrow
39:10 Bow Saw
39:46 Heavy Plow
49:00 Imperial Age
49:59 Bracer
50:10 Forging
51:55 Elite Steppe Lancer
52:37 Husbandry
52:48 Bloodlines
54:23 Iron Casting
53:54 Scale Barding Armor
59:36 Wheelbarrow
60:36 Chain Barding Armor
61:17 Blast Furnace
79:34 Hand Cart
79:08 Town Watch
claybryce
0:29 Loom
11:23 Feudal Age
14:59 Arson
16:51 Forging
18:56 Double-Bit Axe
18:54 Horse Collar
24:56 Castle Age
26:18 Husbandry
26:32 Bloodlines
28:01 Gambesons
28:17 Squires
27:38 Pikeman
30:48 Wheelbarrow
29:59 Town Watch
34:10 Iron Casting
33:44 Scale Barding Armor
33:29 Fletching
33:40 Padded Archer Armor
34:16 Iron Casting
33:41 Scale Mail Armor
36:33 Hand Cart
36:19 Town Patrol
42:21 Chain Barding Armor
41:56 Bodkin Arrow
42:17 Chain Mail Armor
42:55 Murder Holes
47:29 Imperial Age
47:13 Thumb Ring
48:04 Stirrups
50:53 Ballistics
51:34 Chemistry
50:35 Halberdier
56:28 Conscription
56:03 Stirrups
55:29 Elite Konnik
56:10 Bagains
57:35 Masonry
57:30 Siege Engineers
61:07 Plate Barding Armor
60:33 Bracer
61:34 Blast Furnace
61:05 Plate Mail Armor
60:43 Onager
69:23 Architecture
70:29 Conscription
73:22 Elite Konnik
74:17 Stirrups
woodplease
12:12 Feudal Age
13:25 Loom
13:26 Town Watch
15:16 Double-Bit Axe
15:14 Horse Collar
15:06 Man-at-Arms
24:09 Scale Mail Armor
24:20 Forging
27:53 Castle Age
26:20 Stone Mining
26:22 Gold Mining
28:11 Bloodlines
29:16 Bow Saw
28:45 Long Swordsman
30:56 Town Patrol
31:10 Heavy Plow
32:11 Stone Shaft Mining
32:24 Iron Casting
31:48 Light Cavalry
34:43 Fletching
35:08 Squires
35:50 Wheelbarrow
37:01 Town Patrol
37:31 Chain Mail Armor
38:21 Murder Holes
41:35 Ballistics
42:01 Anarchy
42:51 Hand Cart
43:18 Caravan
44:36 Masonry
44:10 Treadmill Crane
49:37 Imperial Age
49:51 Elite Huskarl
50:34 Perfusion
50:57 Conscription
59:13 Blast Furnace
58:47 Architecture
59:19 Chemistry
75:39 Conscription
75:53 Pikeman
77:10 Halberdier
Kilroy
16:43 Feudal Age
17:50 Double-Bit Axe
17:50 Horse Collar
19:17 Arson
19:34 Gold Mining
22:28 Wheelbarrow
21:56 Scale Mail Armor
22:07 Forging
24:36 Loom
24:37 Town Watch
31:40 Stone Mining
35:55 Castle Age
36:54 Fletching
37:04 Padded Archer Armor
39:22 Squires
39:08 Gambesons
38:45 Pikeman
40:03 Iron Casting
39:45 Chain Mail Armor
39:37 Scale Barding Armor
39:43 Thumb Ring
39:00 Elite Skirmisher
40:16 Bow Saw
40:47 Stone Shaft Mining
40:48 Gold Shaft Mining
42:17 Coinage
41:48 Caravan
42:22 Leather Archer Armor
42:03 Bodkin Arrow
42:30 Hand Cart
42:15 Town Patrol
42:51 Stirrups
46:55 Masonry
46:36 Guard Tower
46:43 Murder Holes
49:12 Ballistics
48:42 Heated Shot
56:52 Imperial Age
58:50 Chemistry
58:26 Keep
57:58 Siege Engineers
58:26 Halberdier
59:29 Bagains
61:07 Onager
61:51 Elite Konnik
63:20 Elite Konnik
69:07 Banking
88:17 Husbandry
87:37 Cavalier
88:43 Bloodlines
87:54 Light Cavalry
89:52 Siege Onager
89:53 Capped Ram
94:06 Siege Ram
Connection lost

Rejoining the realm…

Still unreachable

The connection could not be restored.

Session expired

The server has moved on; the page needs a fresh start.